 Dungeon Crawl Stone Soup version 0.31-a0-1616-gbeaec30b81 (webtiles) character file.

Game seed: 1720299617705044190

250513 munkybalat the Metamorph (level 19, -8/170 HPs)
             Began as an Octopode Fire Elementalist on Jan 10, 2024.
             Was the Champion of Cheibriados.
             Mangled by a dire elephant (19 damage)
             ... on level 1 of the Vaults.
             The game lasted 01:40:56 (51119 turns).

munkybalat the Metamorph (OpFE)                    Turns: 51119, Time: 01:40:56

Health: -8/170     AC: 37    Str: 22    XL:     19   Next: 33%
Magic:  26/54      EV: 27    Int: 39    God:    Cheibriados [******]
Gold:   646        SH: 17    Dex: 32    Spells: 27/45 levels left

rFire   + + .        X - +11 trident of the End {heavy, ^Fragile Will++ Dex+3}
rCold   . . .        L - +2 kite shield {reflect}
rNeg    + . .        Z - +2 hat
rPois   ∞            e - amulet of magic regeneration
rElec   +            T - +4 ring of protection
rCorr   +            C - ring of resist corrosion
SInv    .            s - ring of protection from fire
Will    ++++.        m - ring of willpower
Stlth   ++++         W - ring of magical power
HPRegen 0.48/turn    S - ring of Raimagokk {rPois MP+9}
MPRegen 0.74/turn    t - ring of protection from fire
                     J - +4 ring of protection

%: reflection
@: statue-form, studying Dodging, very slow
A: slow and powerful, torment resistance 1, boosted hp, almost no armour,
amphibious, 8 rings, camouflage 1, (gelatinous body 1), (nimble swimmer 1),
tentacles
}: 2/15 runes: serpentine, barnacled
a: Begin Untransformation, Renounce Religion, Bend Time, Temporal Distortion,
Slouch, Step From Time


You were on level 1 of the Vaults.
You worshipped Cheibriados.
Cheibriados was exalted by your worship.
You were a living statue of rough stone.
You visited 8 branches of the dungeon, and saw 33 of its levels.
You also visited: Ossuary, Bailey, Ice Cave and Volcano.

You collected 3076 gold pieces.
You spent 2430 gold pieces at shops.

Inventory:

Hand Weapons
 X - the +11 trident of the End (weapon) {heavy, ^Fragile Will++ Dex+3}
   (You found it on level 12 of the Dungeon)

   Dex+3:     It affects your dexterity (+3).
   Will++:    It greatly increases your willpower.
   ^Fragile:  It will be destroyed if unequipped.
Armour
 L - a +2 kite shield of reflection (worn)
 N - a +2 kite shield of resistance
 P - a +2 kite shield of protection
 Z - a +2 hat (worn)
Jewellery
 c - a ring of positive energy
 e - an amulet of magic regeneration (around mantle)
 m - a ring of willpower (on tentacle)
 r - a +6 ring of intelligence
 s - a ring of protection from fire (on tentacle)
 t - a ring of protection from fire (on tentacle)
 w - a ring of wizardry
 C - a ring of resist corrosion (right tentacle)
 J - a +4 ring of protection (on tentacle)
 S - the ring of Raimagokk (on tentacle) {rPois MP+9}
   (You acquired it on level 13 of the Dungeon)

   [ring of magical power]

   rPois:     It protects you from poison MP+9: It affects your magic capacity
   (+9).
 T - a +4 ring of protection (left tentacle)
 W - a ring of magical power (on tentacle)
 Y - an amulet of reflection
Talismans
 U - a granite talisman (active)
Wands
 x - a wand of mindburst (18)
 y - a wand of paralysis (28)
 K - a wand of roots (40)
 O - a wand of acid (13)
 V - a wand of digging (25)
Scrolls
 b - 8 scrolls of fog
 f - 8 scrolls of teleportation
 g - a scroll of revelation
 h - 4 scrolls of enchant armour
 i - a scroll of torment
 j - 7 scrolls of fear
 n - 3 scrolls of silence
 o - 7 scrolls of butterflies
 q - 5 scrolls of immolation
 u - 8 scrolls of poison
 v - 6 scrolls of blinking
 E - 7 scrolls of noise
 M - 4 scrolls of vulnerability
Potions
 a - 2 potions of magic
 d - 3 potions of ambrosia
 k - 6 potions of invisibility
 l - 4 potions of lignification
 p - 13 potions of curing
 z - 9 potions of brilliance
 A - 5 potions of cancellation
 B - 8 potions of enlightenment
 D - 8 potions of mutation
 F - 2 potions of resistance
 G - 3 potions of might
 H - 10 potions of heal wounds
 I - 7 potions of attraction
Miscellaneous
 Q - a tin of tremorstones (2/2)
 R - a sack of spiders


   Skills:
 + Level 12.0 Fighting
 + Level 7.5 Polearms
 + Level 13.2 Dodging
 - Level 2.6 Stealth
 + Level 10.7 Shields
 + Level 13.7 Spellcasting
 + Level 12.0 Conjurations
 + Level 12.4 Fire Magic
 - Level 16.0 Shapeshifting


You had 27 spell levels left.
You knew the following spells:

 Your Spells              Type           Power      Damage    Failure   Level
a - Foxfire               Conj/Fire      100%       2x1d9     0%          1
b - Scorch                Fire           100%       2d9       1%          2
c - Flame Wave            Conj/Fire      89%        2d19      1%          4
d - Starburst             Conj/Fire      44%        6d12      2%          6
e - Fireball              Conj/Fire      44%        3d18      1%          5

Your spell library contained the following spells:

 Spells                   Type           Power      Damage    Failure   Level
 Momentum Strike          Conj/Tloc      100%       3d10      1%          2
 Dazzling Flash           Conj/Hex       100%       N/A       1%          3
 Inner Flame              Hex/Fire       66%        N/A       1%          3
 Mephitic Cloud           Conj/Alch/Air  55%        N/A       1%          3
 Volatile Blastmotes      Fire/Tloc      100%       2d18      1%          3
 Brom's Barrelling Bould  Conj/Erth      65%        2d8       1%          4
 Summon Blazeheart Golem  Fire/Summ      66%        N/A       1%          4
 Iskenderun's Battlesphe  Conj           88%        2d14      1%          5
 Summon Small Mammal      Summ           100%       N/A       2%          1
 Blink                    Tloc           52%        N/A       3%          2
 Call Imp                 Summ           52%        N/A       3%          2
 Cigotuvi's Dreadful Rot  Necr/Alch/Air  52%        N/A       3%          2
 Lesser Beckoning         Tloc           52%        N/A       3%          2
 Mercury Vapours          Alch/Air       52%        N/A       3%          2
 Call Canine Familiar     Summ           26%        N/A       7%          3
 Gell's Gravitas          Tloc           26%        N/A       7%          3
 Summon Ice Beast         Ice/Summ       26%        N/A       7%          3
 Teleport Other           Tloc           26%        N/A       7%          3
 Freezing Cloud           Conj/Ice/Air   27%        6-21      12%         5
 Orb of Destruction       Conj           44%        9d12      13%         7
 Dispel Undead            Necr           26%        3d13      22%         4
 Martyr's Knell           Necr/Summ      26%        N/A       22%         4
 Plasma Beam              Fire/Air       33%        2x1d46    26%         6
 Bombard                  Conj/Erth      32%        9d6       28%         6
 Conjure Ball Lightning   Conj/Air       32%        3x3d10    28%         6
 Curse of Agony           Necr           26%        N/A       52%         5
 Silence                  Hex/Air        13%        N/A       52%         5
 Summon Forest            Summ/Tloc      13%        N/A       52%         5
 Summon Mana Viper        Hex/Summ       26%        N/A       52%         5
 Spellforged Servitor     Conj/Summ      32%        N/A       85%         7
 Death Channel            Necr           13%        N/A       98%         6
 Dispersal                Tloc           13%        N/A       98%         6
 Sculpt Simulacrum        Ice/Alch       13%        N/A       98%         6
 Summon Cactus Giant      Summ           13%        N/A       98%         6
 Monstrous Menagerie      Summ           13%        N/A       100%        7
 Ozocubu's Refrigeration  Ice            13%        4d10      100%        7
 Summon Hydra             Summ           13%        N/A       100%        7
 Maxwell's Capacitive Co  Air            13%        ∞         100%        8
 Polar Vortex             Ice            13%        12d1*     100%        9
 Sublimation of Blood     Necr           Unusable   N/A       N/A         2

Dungeon Overview and Level Annotations

Branches:
Dungeon (15/15)            Temple (1/1) D:4            Lair (5/5) D:8
 Shoals (4/4) Lair:2        Snake (4/4) Lair:3        Slime (0/5) Lair:5
    Orc (2/2) D:10            Elf (1/3) Orc:2        Vaults (1/5) D:13
 Depths (0/4) D:15        Ossuary (visited)          Bailey (visited)
  IceCv (visited)         Volcano (visited)

Altars:
Ashenzari
Cheibriados
Dithmenos
Elyvilon
Fedhas
Gozag
Hepliaklqana
Kikubaaqudgha
Makhleb
Nemelex Xobeh
Okawaru
Qazlal
Ru
Sif Muna
Trog
Uskayaw
Vehumet
Wu Jian
Xom
Yredelemnul
Zin
The Shining One
Jiyva

Shops:
D:3 (   D:7 **   Orc:2 (*=[   Shoals:2 (   Snake:4 ((![(

Annotations:
Lair:5 exclusion: obsidian statue


Innate Abilities, Weirdness & Mutations

You are a living statue of rough stone.
Your actions are slow, but your melee attacks are powerful.
You are resistant to unholy torment.
Your maximum health is greatly increased.
You cannot wear most types of armour.
You are amphibious.
You can wear up to eight rings at the same time.
You are immune to poison.
Your skin changes colour to match your surroundings (Stealth+).
((Your rubbery body absorbs attacks. (AC +1, EV +1)))
((You are camouflaged when in or above water. (Stealth+)))
You have tentacles for arms and can constrict up to eight enemies at once.


Message History

You block the lindwurm's attack. The lindwurm completely misses you.
You spit the lindwurm like a pig!!!
You kill the lindwurm!
Cheibriados appreciates the change of pace.
The ironbound frostheart calls freezing cold from the walls.
The frost grips you!!
You are encased in ice.
The ironbound frostheart calls freezing cold from the walls.
The frost grips you!!!
* * * LOW HITPOINT WARNING * * *
You are too injured to fight recklessly!
Unknown command.
Casting: Starburst (mildly dangerous; 2% risk of failure)
Confirm with . or Enter, or press ? or * to list all spells.
Casting: Starburst (mildly dangerous; 2% risk of failure)
Press: ? - help, Dir - look around, f - activate The bolt of fire hits the dire elephant!!!
The dire elephant is moderately wounded.
The bolt of fire hits the ironbound frostheart!!
The ironbound frostheart is heavily wounded.
The dire elephant closely misses you. You block the dire elephant's attack.
The ironbound frostheart calls freezing cold from the walls.
The frost grips you!!!
* * * LOW HITPOINT WARNING * * *
You block the dire elephant's attack. x2
Unknown command.
Unknown command.
Unknown command.
Casting: Starburst (mildly dangerous; 2% risk of failure)
Confirm with . or Enter, or press ? or * to list all spells.
Casting: Starburst (mildly dangerous; 2% risk of failure)
Press: ? - help, Dir - look around, f - activate The bolt of fire hits the dire elephant!!!
The dire elephant is severely wounded.
The bolt of fire hits the ironbound frostheart!!!
You kill the ironbound frostheart!
Cheibriados appreciates the change of pace.
The ice encasing you melts away. The dire elephant tramples you!!
You die...

######
#.∩..#
#>..8#
####Y#
.[.
#....
+.....
#.....#
#######


You could see a dire elephant.

Vanquished Creatures
  A kraken (Shoals:2)
  A fire giant (D:15)
  6 nagarajas (Snake:4)
  A frost giant (Shoals:4)
  The ghost of Pi314 the Arsonist, a journeyman DsFE of Vehumet (Shoals:1)
  An ironbound preserver (D:13)
  A formless jellyfish (Shoals:1)
  A stone giant (Orc:2)
  5 dire elephants
  3 ettins
  A yaktaur captain (Vaults:1)
  4 merfolk javelineers
  A fire dragon (Volcano)
  10 merfolk impalers
  An entropy weaver (D:13)
  9 hydras
  A catoblepas (Lair:3)
  2 merfolk avatars (Shoals:1)
  A salamander tyrant (Snake:2)
  An alligator snapping turtle (Shoals:4)
  A boulder beetle (D:15)
  An ironbound frostheart (Vaults:1)
  3 two-headed ogres
  4 anacondas (Snake:3)
  2 dancing weapons (Orc:2)
  6 merfolk aquamancers
  A satyr (Shoals:2)
  5 centaur warriors
  12 naga warriors
  9 naga sharpshooters
  11 death yaks
  4 tengu warriors (D:15)
  2 orc high priests
  A spectral dire elephant (Lair:5)
  Urug (Orc:1)
  3 sun demons (D:15)
  5 shock serpents
  A soul eater (D:15)
  Sonja (Orc:1)
  A spectral death yak (Lair:5)
  5 skeletal warriors (D:15)
  2 sixfirhies (D:15)
  7 skysharks
  The ghost of bmj180 the Conjurer, a novice HuCj of Sif Muna (D:6)
  A spectral anaconda (Lair:5)
  9 mana vipers
  4 salamander mystics
  5 naga ritualists
  16 sea snakes
  31 harpies
  A kraken simulacrum (Shoals:4)
  4 deep elf pyromancers
  An ironbound convoker (Vaults:1)
  3 necromancers (Lair:5)
  3 lindwurms
  3 orc knights
  3 deep elf zephyrmancers (Elf:1)
  16 fauns
  7 salamanders
  10 ugly things
  Maurice (D:7)
  13 cyclopes
  11 manticores
  3 meliai (D:12)
  17 elephants
  3 kobold blastminers
  6 water nymphs
  2 ice statues (IceCv)
  12 merfolk sirens
  7 guardian serpents
  20 black mambas
  19 naga magi
  2 molten gargoyles (Volcano)
  3 gargoyles
  2 rust devils (D:15)
  9 cane toads
  4 orange demons (D:15)
  Maggie (D:9)
  5 ice devils
  5 rime drakes
  A dire elephant skeleton (Lair:5)
  3 tengu conjurers (D:15)
  An efreet (D:14)
  A freezing wraith (IceCv)
  15 komodo dragons
  33 merfolk
  3 red devils (D:15)
  A queen bee (shapeshifter) (D:14)
  2 wind drakes
  Grinder (D:4)
  7 trolls
  2 hellwings (D:15)
  A tarantella (shapeshifter) (D:14)
  10 snapping turtles
  14 dream sheep
  A spectral elephant (Lair:5)
  10 blink frogs
  A centaur simulacrum (D:15)
  2 slime creatures
  A wraith (D:13)
  3 water elementals
  A spriggan (shapeshifter) (D:15)
  2 shadows (D:6)
  8 wyverns
  3 ynoxinuls (D:15)
  4 basilisks
  2 vampires
  60 yaks
  7 fire bats (Volcano)
  4 steam dragons
  3 death yak simulacra (Lair:5)
  A chaos spawn (D:15)
  A warg (Orc:1)
  11 vampire mosquitoes
  4 spectral cane toads (Lair:5)
  35 nagas
  2 acid dragons
  21 water moccasins
  A hell hound (Volcano)
  29 orc warriors
  3 black bears
  2 laughing skulls
  2 elephant zombies (Lair:5)
  2 ice beasts
  18 wolves
  4 boggarts (D:13)
  5 centaurs
  7 ogres
  A weeping skull (Ossuary)
  2 kobold brigands
  10 bullfrogs
  2 cane toad simulacra (Lair:5)
  2 gnoll sergeants
  A scorpion (D:5)
  A burial acolyte (Ossuary)
  19 wights
  An elephant simulacrum (Lair:5)
  10 killer bees
  12 electric eels
  2 howler monkeys
  5 lava snakes (Volcano)
  7 hounds
  3 bombardier beetles
  7 jellies
  2 gnoll boudas
  16 orc priests
  Terence (D:2)
  3 iguanas
  19 orc wizards
  2 polar bear simulacra (IceCv)
  4 hell rats (Lair:5)
  A wolf simulacrum (IceCv)
  3 mummies (Ossuary)
  6 adders
  18 gnolls
  A shadow imp (D:8)
  3 white imps
  3 dart slugs
  A ribbon worm (D:4)
  103 orcs
  2 bats
  10 endoplasms
  2 giant cockroaches
  3 gnoll zombies (Ossuary)
  10 goblins
  9 hobgoblins
  6 jackals
  17 kobolds
  2 quokkas
  8 ball pythons
  7 frilled lizards
  3 kobold zombies (Ossuary)
  2 orc zombies (Ossuary)
  7 rats
  2 butterflies (Lair:5)
  4 tentacles (Shoals:2)
1123 creatures vanquished.

Vanquished Creatures (collateral kills)
  3 foxfires
3 creatures vanquished.

Vanquished Creatures (others)
  A black mamba (Snake:3)
  A water moccasin (Snake:3)
  1558 foxfires
  3 tentacles (Shoals:2)
1563 creatures vanquished.

Grand Total: 2689 creatures vanquished

Notes
Turn   | Place    | Note
-------+----------+-------------------------------------------
     0 | D:1      | munkybalat the Octopode Fire Elementalist began the quest
                  | for the Orb.
     0 | D:1      | Reached XP level 1. HP: 11/11 MP: 3/3
   144 | D:1      | Found a faded altar of an unknown god.
   232 | D:1      | Reached XP level 2. HP: 17/17 MP: 0/5
   296 | D:1      | Learned a level 2 spell: Scorch
   677 | D:1      | Reached XP level 3. HP: 21/21 MP: 3/6
  1202 | D:2      | Noticed Terence
  1810 | D:2      | Killed Terence
  1811 | D:2      | Reached XP level 4. HP: 3/27 MP: 1/8
  2732 | D:3      | Found Esetajuh's Weapon Shoppe.
  2905 | D:3      | Reached XP level 5. HP: 7/31 MP: 1/10
  3446 | D:3      | Found a shadowy altar of Dithmenos.
  3746 | D:4      | Found a staircase to the Ecumenical Temple.
  4009 | Temple   | Entered the Ecumenical Temple
  4040 | Temple   | Became a worshipper of Cheibriados the Contemplative
  4058 | D:4      | Reached XP level 6. HP: 37/37 MP: 3/12
  4536 | D:4      | Reached skill level 1 in Fighting
  4744 | D:4      | Reached * piety under Cheibriados
  4748 | D:4      | Reached XP level 7. HP: 43/43 MP: 3/13
  4922 | D:4      | Found a large runed translucent door.
  4922 | D:4      | Found a large runed translucent door.
  4923 | D:4      | Found a shimmering altar of Xom.
  4972 | D:4      | Noticed Grinder
  4990 | D:4      | Killed Grinder
  4991 | D:4      | Reached skill level 5 in Spellcasting
  5797 | D:5      | Entered Level 5 of the Dungeon
  5804 | D:4      | Reached XP level 8. HP: 35/51 MP: 6/16
  6029 | D:5      | Reached skill level 5 in Fire Magic
  6279 | D:4      | Reached ** piety under Cheibriados
  6814 | D:5      | You fall into a shaft and drop 1 floor!
  7284 | D:6      | Reached XP level 9. HP: 58/58 MP: 11/18
  7480 | D:6      | Found a runed translucent gate.
  7480 | D:6      | Found a runed translucent gate.
  7480 | D:6      | Found a runed translucent gate.
  7483 | D:6      | Found an opulent altar of Gozag.
  7487 | D:6      | Noticed bmj180's ghost (novice HuCj)
  7701 | D:6      | Reached skill level 5 in Conjurations
  8091 | D:6      | Noticed a komodo dragon
  8098 | D:6      | Killed a komodo dragon
  8390 | D:7      | Reached skill level 5 in Dodging
  8471 | D:7      | Reached *** piety under Cheibriados
  8495 | D:7      | Found a sand-covered staircase.
  8505 | Ossuary  | Entered an ossuary
  9024 | D:7      | Found Sotseont's General Store.
  9026 | D:7      | Found Xolyalun's Specific Store.
  9033 | D:7      | Bought a potion of curing for 36 gold pieces
  9033 | D:7      | Bought a potion of attraction for 36 gold pieces
  9448 | D:7      | Learned a level 4 spell: Flame Wave
  9455 | D:7      | Learned a level 6 spell: Starburst
  9488 | D:7      | Found a glowing silver altar of Zin.
  9505 | D:7      | Reached XP level 10. HP: 59/65 MP: 10/21
  9509 | D:7      | Reached skill level 5 in Fighting
 10104 | D:7      | Noticed Maurice
 10113 | D:7      | Killed Maurice
 10585 | D:8      | Reached **** piety under Cheibriados
 11014 | D:8      | Found a staircase to the Lair.
 11135 | D:8      | Noticed a two-headed ogre
 11140 | D:8      | Killed a two-headed ogre
 11891 | D:9      | Noticed Maggie
 12217 | D:9      | Reached XP level 11. HP: 32/72 MP: 11/24
 12573 | D:9      | Killed Maggie
 12756 | D:9      | Reached ***** piety under Cheibriados
 12854 | D:9      | Found a glowing golden altar of the Shining One.
 12871 | D:9      | Found a radiant altar of Vehumet.
 13224 | D:9      | Learned a level 5 spell: Fireball
 13276 | D:9      | HP: 2/70 [wight/+3 dire flail (15)]
 13732 | D:10     | Entered Level 10 of the Dungeon
 13762 | D:10     | Found a flagged portal.
 13843 | D:10     | Noticed a two-headed ogre
 13844 | Bailey   | Entered a bailey
 14169 | Bailey   | Noticed an orc knight
 14176 | Bailey   | Killed an orc knight
 14484 | Bailey   | Identified the amulet of Suspected Treachery {Faith Harm
                  | Regen+ MP-9 Dex-3}
 14510 | Bailey   | Reached skill level 10 in Spellcasting
 14622 | D:10     | Killed a two-headed ogre
 14623 | D:10     | Reached skill level 1 in Shields
 14917 | D:10     | Reached ****** piety under Cheibriados
 15011 | D:10     | Found a staircase to the Orcish Mines.
 15480 | Orc:1    | Entered Level 1 of the Orcish Mines
 15489 | Orc:1    | Noticed Urug
 15495 | Orc:1    | Killed Urug
 15502 | Orc:1    | Noticed an orc knight
 15621 | D:10     | Killed an orc knight
 16058 | Orc:2    | Entered Level 2 of the Orcish Mines
 16174 | Orc:2    | Noticed an ettin
 16175 | Orc:2    | Noticed a cyclops
 16178 | Orc:2    | Noticed a cyclops
 16330 | Lair:1   | Entered Level 1 of the Lair of Beasts
 16338 | Lair:1   | Reached XP level 12. HP: 81/81 MP: 21/26
 17382 | Lair:1   | Reached skill level 5 in Shields
 17891 | Lair:1   | Identified the ring of Autumn {*Corrode Will+++ MP-9 Str+6
                  | Int+2}
 17979 | Lair:2   | Noticed a six-headed hydra
 17985 | Lair:2   | Killed a six-headed hydra
 19266 | D:11     | Reached XP level 13. HP: 63/88 MP: 15/28
 20734 | D:12     | Reached skill level 1 in Shapeshifting
 20843 | D:12     | Found a sacrificial altar of Ru.
 20863 | D:12     | Reached skill level 2 in Shapeshifting
 20987 | D:12     | Found the +8 storm bow {elec, penet}
 21117 | D:12     | Reached skill level 3 in Shapeshifting
 21264 | D:12     | Reached skill level 4 in Shapeshifting
 21685 | D:12     | Identified the +11 trident of the End {heavy, ^Fragile
                  | Will++ Dex+3}
 22419 | D:13     | Reached skill level 5 in Shapeshifting
 22665 | D:13     | Noticed an entropy weaver
 22722 | D:13     | Reached skill level 6 in Shapeshifting
 23297 | D:13     | Identified a scroll of acquirement
 23299 | D:13     | Acquired the ring of Raimagokk {rPois MP+9}
 23504 | D:13     | Noticed an ironbound preserver
 23505 | D:13     | Found a gate to the Vaults.
 24323 | Lair:2   | Reached skill level 7 in Shapeshifting
 24983 | Lair:2   | Found a staircase to the Shoals.
 25169 | Lair:3   | Reached skill level 8 in Shapeshifting
 25958 | Lair:3   | Reached XP level 14. HP: 95/95 MP: 28/29
 25960 | Lair:3   | Reached skill level 9 in Shapeshifting
 26330 | Lair:3   | Found a staircase to the Snake Pit.
 26968 | Lair:4   | Found a frozen archway.
 27001 | IceCv    | Entered an ice cave
 27062 | IceCv    | Found a transporter.
 27073 | IceCv    | Found a transporter.
 27091 | IceCv    | Reached skill level 10 in Shapeshifting
 27780 | Lair:4   | Reached skill level 11 in Shapeshifting
 28241 | Lair:5   | Entered Level 5 of the Lair of Beasts
 28256 | Lair:5   | Found a dark tunnel.
 28270 | Volcano  | Entered a volcano
 28436 | Volcano  | Found a radiant altar of Vehumet.
 29338 | Lair:5   | Reached skill level 12 in Shapeshifting
 30000 | Lair:5   | Found a staircase to the Slime Pits.
 30001 | Lair:5   | Found a viscous altar of Jiyva.
 31104 | Lair:5   | Reached skill level 13 in Shapeshifting
 31535 | Lair:5   | Reached XP level 15. HP: 87/99 MP: 20/30
 32377 | Lair:5   | Reached skill level 14 in Shapeshifting
 34223 | Orc:2    | Found Mefim's Antique Weapon Shoppe.
 34670 | Orc:2    | Found Guuty's General Store.
 34945 | Orc:1    | Noticed Sonja
 34947 | Orc:1    | Killed Sonja
 35105 | Orc:2    | Bought a scroll of butterflies for 56 gold pieces
 35105 | Orc:2    | Bought a scroll of butterflies for 56 gold pieces
 35105 | Orc:2    | Bought a potion of curing for 42 gold pieces
 35105 | Orc:2    | Bought a scroll of poison for 56 gold pieces
 35105 | Orc:2    | Bought a ring of resist corrosion for 280 gold pieces
 35116 | Orc:2    | Found Mocvaj's Jewellery Emporium.
 35150 | Orc:2    | Bought a +4 ring of protection for 576 gold pieces
 35150 | Orc:2    | Bought a ring of magical power for 320 gold pieces
 35188 | Orc:2    | Found Durch's Antique Armour Shop.
 35247 | Orc:2    | Found a staircase to the Elven Halls.
 35597 | Elf:1    | Entered Level 1 of the Elven Halls
 36096 | D:14     | Reached skill level 15 in Shapeshifting
 36130 | D:14     | Reached XP level 16. HP: 108/108 MP: 32/32
 36571 | D:15     | Entered Level 15 of the Dungeon
 36783 | Snake:1  | Entered Level 1 of the Snake Pit
 37923 | Snake:2  | Reached skill level 10 in Fire Magic
 39452 | Snake:3  | Reached skill level 1 in Polearms
 40070 | Snake:4  | Entered Level 4 of the Snake Pit
 40766 | Snake:4  | Reached skill level 10 in Conjurations
 40927 | Snake:4  | Reached skill level 10 in Dodging
 41505 | Snake:4  | Reached XP level 17. HP: 114/114 MP: 33/33
 41544 | Snake:4  | Reached skill level 10 in Fighting
 42321 | Snake:4  | Found Ewiov's Antique Armour Shoppe.
 42345 | Snake:4  | Found Fuc Muli's Antique Weapon Shop.
 42365 | Snake:4  | Found Qeexiniy's Distillery.
 42373 | Snake:4  | Bought 2 potions of heal wounds for 180 gold pieces
 42373 | Snake:4  | Bought a potion of lignification for 54 gold pieces
 42373 | Snake:4  | Bought a potion of invisibility for 144 gold pieces
 42373 | Snake:4  | Bought a potion of curing for 54 gold pieces
 42373 | Snake:4  | Bought a potion of mutation for 144 gold pieces
 42373 | Snake:4  | Bought 2 potions of heal wounds for 180 gold pieces
 42373 | Snake:4  | Bought a potion of brilliance for 72 gold pieces
 42373 | Snake:4  | Bought a potion of cancellation for 144 gold pieces
 42715 | Snake:4  | Found Toeraeps's Antique Weapon Boutique.
 42755 | Snake:4  | Found Zexzegh's Antique Weapon Shoppe.
 43522 | Snake:4  | Reached skill level 16 in Shapeshifting
 43723 | Snake:4  | Got a serpentine rune of Zot
 43832 | Snake:4  | Found a basalt altar of Yredelemnul.
 44078 | Shoals:1 | Entered Level 1 of the Shoals
 45135 | Shoals:1 | Found a runed translucent gate.
 45136 | Shoals:1 | Found a runed translucent gate.
 45137 | Shoals:1 | Found a runed translucent gate.
 45138 | Shoals:1 | Noticed Pi314's ghost (journeyman DsFE)
 45149 | Shoals:1 | Killed Pi314's ghost
 45180 | Shoals:1 | Identified the +3 hat of Marbles {Rampage rCorr}
 46342 | Shoals:2 | Reached skill level 5 in Polearms
 46504 | Shoals:2 | Reached XP level 18. HP: 122/122 MP: 35/35
 46907 | Shoals:2 | Identified the +6 war axe "Bacasses" {flame, Str+4}
 46942 | Shoals:2 | Found Yrik's Weapon Shoppe.
 48173 | Shoals:4 | Entered Level 4 of the Shoals
 48247 | Shoals:4 | Reached skill level 10 in Shields
 48857 | Shoals:4 | Identified the +6 scale mail of Hedge Wizardry {*Slow rCorr
                  | SInv}
 49572 | Shoals:4 | Got an azure gem with 0 turns to spare
 49574 | Shoals:4 | Got a barnacled rune of Zot
 50013 | D:6      | Killed bmj180's ghost
 50402 | D:15     | Found a staircase to the Depths.
 50439 | D:15     | Reached XP level 19. HP: 130/130 MP: 36/36
 51105 | Vaults:1 | Entered Level 1 of the Vaults
 51119 | Vaults:1 | Mangled by a dire elephant

Illustrated notes

Levels and vault maps discovered:
D:1:      dpeg_arrival_water_temple_mockup, layout_basic,
          shapermc_ecumenical_altar_mp_urbaneastern
D:2:      layout_rooms, amethyst_killhole, uniq_terence
D:3:      layout_loops_corners, nicolae_dithmenos_through_a_glass_darkly,
          serial_shops, shop, minmay_misc_feat_secret_circle
D:4:      due_chaos_kobolds, layout_basic, minmay_temple_entry_mini_moons,
          st_stairs_11, uniq_grinder
D:5:      layout_rooms
D:6:      layout_cave_pods, ebering_ghost_gozag, hangedman_decor_growths
D:7:      layout_basic, mainiacjoe_overflow_boulevard,
          mainiacjoe_ossuary_entry_dusty_tomb, chequers_big_river,
          grunt_decor_junction, nicolae_specific_store, uniq_maurice
D:8:      layout_loops_ring, erik_lair_island
D:9:      layout_cave_pods, mainiacjoe_overflow_chevrons,
          mainiacjoe_overflow_tiny_flanked, serial_bayou_pond_d, uniq_maggie
D:10:     layout_irregular_city, david_orc_5, enter_bailey_2
D:11:     layout_loops_ring, feat_on_display
D:12:     argonaut_augean_stables, layout_basic, nicolae_ru_awakened_eye
D:13:     layout_loops_ring, hellmonk_vaults_order_and_chaos
D:14:     layout_basic, minmay_misc_feat_nine_boxes, minivault_27
D:15:     grunt_enter_depths_giant_problem, layout_basic, minmay_crystal_water,
          serial_demonic, serial_demonic_f, serial_demonic_e, serial_demonic_f,
          serial_demonic_e, serial_demonic_f, serial_demonic_c,
          serial_demonic_a, st_stairs_2
Temple:   nicolae_temple_two_arcs
Lair:1:   layout_regular_city
Lair:2:   layout_cave_pods, minmay_shoals_entry_centaurs, grunt_megastairs_2
Lair:3:   layout_loops_ring, guppyfry_snake_entry_garden
Lair:4:   layout_roguey, portal_ice_cave_demonic_guard
Lair:5:   due_jungle_book, layout_regular_city, minmay_slime_entry_pillars,
          nicolae_volcano_entry_vermiform, grunt_megastairs_4,
          lemuel_fruit_fields
Shoals:1: layout_shoals, gammafunk_ghost_tricky_traps
Shoals:2: layout_shoals, serial_shops, nicolae_shop_behind_doors,
          nicolae_shoals_seven_spires, nicolae_shoals_shepherds
Shoals:3: layout_shoals
Shoals:4: shoals_end_grunt_ice, layout_shoals
Snake:1:  layout_layer_cave, special_room
Snake:2:  layout_misc_corridors
Snake:3:  nicolae_snake_attic_fulla_snakes, layout_gridlike
Snake:4:  snake_pit, layout_misc_corridors, serial_shops, nicolae_shop_trees,
          nicolae_shop_rolling_square, shop, nicolae_shop_industrial_runoff,
          shop, basic_altar, grunt_megastairs_5
Orc:1:    layout_diamond_mine, uniq_sonja, uniq_urug
Orc:2:    grunt_orc_gardens, layout_diamond_mine, grunt_orc_garden,
          grunt_orc_garden, grunt_orc_garden, grunt_orc_garden
Elf:1:    elf_arrival_002, layout_rooms, serial_shops, shop,
          nicolae_elf_crossing_hall, fountainhead, minmay_shoptagon
Vaults:1: nicolae_vaults_door_testing_chamber, v_misc_29,
          nicolae_vaults_ellipses_ellipsis, nicolae_vaults_heist,
          vaults_room_grunt_arrival_ludios, dpeg_vaults_monster_row, v_misc_13,
          ontoclasm_vaults_ring_square, nicolae_vaults_security_offices_2,
          ontoclasm_vaults_gateway, nicolae_vaults_double_plus_2,
          layout_vaults_ring

Skill      XL: |  1  2  3  4  5  6  7  8  9 10 11 12 13 14 15 16 17 18 19 |
---------------+----------------------------------------------------------+-----
Conjurations   | 2 3 4 5 6 7 8 9 10 11 12 | 12.0
Spellcasting   | 3 4 5 6 7 9 10 11 12 13 | 13.7
Fire Magic     | 4 5 6 7 8 9 10 11 12 | 12.4
Fighting       | 1 2 3 4 6 7 8 9 10 11 12 | 12.0
Dodging        | 3 4 5 6 7 8 9 10 11 12 13 | 13.2
Shields        | 3 6 7 8 9 10 | 10.7
Shapeshifting  | 8 13 15 16 | 16.0
Polearms       | 2 5 7 |  7.5
Stealth        | |  2.6

Action                     |  1- 3 |  4- 6 |  7- 9 | 10-12 | 13-15 | 16-18 | 19-21 || total
---------------------------+-------+-------+-------+-------+-------+-------+-------++-------
  Melee: Unarmed           |     5 |       |       |       |       |       |       ||     5
         Tentacles         |     3 |     5 |     8 |    34 |    35 |    46 |    26 ||   157
         Constrict         |     3 |     3 |     6 |    26 |    25 |    31 |    22 ||   116
         Staff             |     9 |    10 |    19 |    89 |     6 |       |       ||   133
         Trident           |       |       |       |       |   166 |   332 |    91 ||   589
         Punch             |       |       |       |       |     5 |     3 |       ||     8
   Cast: Foxfire           |    90 |   105 |   237 |   295 |   140 |    38 |       ||   905
         Scorch            |     3 |    23 |    61 |   112 |   123 |       |       ||   322
         Flame Wave        |       |       |       |    38 |    30 |     1 |       ||    69
         Fireball          |       |       |       |    30 |   159 |   245 |       ||   434
         Starburst         |       |       |       |       |    79 |   151 |    14 ||   244
    Use: Scroll            |       |     5 |     2 |     4 |    19 |    10 |       ||    40
         Potion            |       |       |       |     1 |     1 |     2 |       ||     4
   Stab: Sleeping          |       |     1 |     1 |       |    11 |     8 |     2 ||    23
         Distracted        |       |       |     2 |       |     1 |     3 |     3 ||     9
         Invisible         |       |       |       |       |     1 |       |       ||     1
 Armour: Skin              |     7 |    14 |    47 |    96 |   257 |   367 |    75 ||   863
  Dodge: Dodged            |     8 |    18 |    45 |   160 |   357 |   501 |   154 ||  1243
  Block: Kite shield       |       |       |       |    92 |   465 |   742 |   145 ||  1444
         Reflection        |       |       |       |       |       |    97 |     5 ||   102
   Form: Statue            |       |       |       |       |     1 |       |       ||     1

Table legend: (Time is in decaauts)
 A = Elapsed time spent in this place.
 B = Non-inter-level travel time spent in this place.
 C = Inter-level travel time spent in this place.
 D = Time resting spent in this place.
 E = Time spent auto-exploring this place.
 F = Levels seen in this place.
 G = Mean time per level.
                   A        B        C        D        E       F      G
               +--------+--------+--------+--------+--------+-----+--------+
         Total |  85458 |  79807 |   5651 |  19727 |  45746 |  37 | 2309.7 |
       Dungeon |  30633 |  27712 |   2921 |   4752 |  18344 |  15 | 2042.2 |
        Temple |     42 |     42 |      0 |      0 |      0 |   1 |   42.0 |
          Lair |  17569 |  16543 |   1026 |   5768 |   8204 |   5 | 3513.8 |
        Shoals |  14549 |  14010 |    539 |   2683 |   9026 |   4 | 3637.2 |
     Snake Pit |  15055 |  14496 |    559 |   5466 |   6183 |   4 | 3763.8 |
  Orcish Mines |   4945 |   4344 |    601 |    396 |   2848 |   2 | 2472.5 |
   Elven Halls |     17 |     16 |      1 |      0 |      0 |   1 |   17.0 |
        Vaults |     26 |     25 |      1 |      0 |      6 |   1 |   26.0 |
       Ossuary |    600 |    600 |      0 |     74 |    435 |   1 |  600.0 |
        Bailey |    983 |    983 |      0 |    118 |    660 |   1 |  983.0 |
      Ice Cave |    306 |    306 |      0 |    208 |      0 |   1 |  306.0 |
       Volcano |    726 |    726 |      0 |    261 |     38 |   1 |  726.0 |
               +--------+--------+--------+--------+--------+-----+--------+

Top non-repeatable levels by time:
  Lair:5: 6410 daAuts
 Snake:4: 5866 daAuts
Shoals:4: 3996 daAuts
 Snake:3: 3964 daAuts
  Lair:2: 3940 daAuts
Shoals:1: 3874 daAuts
Shoals:2: 3737 daAuts
   Orc:2: 3213 daAuts
    D:12: 3060 daAuts
Shoals:3: 2941 daAuts
     D:9: 2740 daAuts
     D:4: 2732 daAuts
 Snake:1: 2689 daAuts
    D:13: 2677 daAuts
     D:8: 2596 daAuts
